 Dungeon Sprint DCSS version 0.30.1-4-g462c640d31 (webtiles) character file.

Game seed: 10778086406014762490

9716 Heoruswealwe the Ninja (level 11, -4/52 HPs)
             Began as a Spriggan Artificer on Aug 29, 2023.
             Was an Initiate of Gozag.
             Slain by a demonic crawler (12 damage)
             ... in the Dungeon (Sprint I: "Red Sonja").
             The game lasted 00:17:07 (1072 turns).

Heoruswealwe the Ninja (Spriggan Artificer)         Turns: 1072, Time: 00:17:10

Health: -4/52      AC: 16    Str:  8    XL:     11   Next: 26%
Magic:  12/12      EV:  0    Int: 14    God:    Gozag
Gold:   1555       SH:  0    Dex: 19    Spells: 10/10 levels left

rFire   + . .        a - +5 rapier "Undertaker" {protect, rPois rC+}
rCold   + + .        (no shield)
rNeg    + . .        c - +4 gold dragon scales "Gilagg" {rElec rPois rF+ rC+ rN+ Will+}
rPois   +            (helmet restricted)
rElec   +            (no cloak)
rCorr   .            (gloves unavailable)
SInv    +            (boots unavailable)
Will    ++...        (no amulet)
Stlth   +++          (no ring)
HPRegen 0.28/turn    (no ring)
MPRegen 0.13/turn

%: no teleportation
@: gold aura, studying 2 skills, very quick
A: very small, no large weapons, unfitting armour, see invisible, speed 3
a: Renounce Religion, Potion Petition, Call Merchant, Bribe Branch


You were in the Dungeon.
You worshipped Gozag.
Gozag was most pleased with you.
You visited 1 branch You collected 3110 gold pieces.
You spent 1524 gold pieces at shops.
You donated 31 gold pieces to Zin.

Inventory:

Hand Weapons
 a - the +5 rapier "Undertaker" (weapon) {protect, rPois rC+}
   (You acquired it in the Dungeon)

   rC:        It protects you from cold.
   rPois:     It protects you from poison.
Armour
 c - the +4 gold dragon scales "Gilagg" (worn) {rElec rPois rF+ rC+ rN+ Will+}
   (You acquired it in the Dungeon)

   rF:        It protects you from fire.
   rC:        It protects you from cold.
   rElec:     It insulates you from electricity.
   rPois:     It protects you from poison.
   rN:        It protects you from negative energy.
   Will:      It increases your willpower.
Wands
 b - a wand of flame (3) (quivered)
 d - a wand of charming (15)
 e - a wand of mindburst (4)
 l - a wand of quicksilver (6)
Scrolls
 k - a scroll of blinking
 q - a scroll of enchant armour {unknown}
Potions
 f - 3 potions of curing
 g - a potion of lignification {unknown}
 h - a potion of haste
 i - 2 potions of magic
 j - a potion of berserk rage
 m - a potion of attraction {unknown}
 n - a potion of flight {unknown}
 r - a potion of heal wounds
Miscellaneous
 s - a tin of tremorstones (1/2)


   Skills:
 + Level 3.3 Fighting
 * Level 5.5 Short Blades
 + Level 18.5 Dodging
 O Level 27 Stealth
 + Level 19.0 Evocations


You had 10 spell levels left.
You didn't know any spells.
Your spell library was empty.

Dungeon Overview and Level Annotations

Branches:
Dungeon (1/1)

Altars:
Cheibriados
Dithmenos
Elyvilon
Fedhas
Gozag
Hepliaklqana
Kikubaaqudgha
Makhleb
Nemelex Xobeh
Okawaru
Qazlal
Ru
Sif Muna
Trog
Uskayaw
Vehumet
Wu Jian
Xom
Yredelemnul
Zin
The Shining One
Jiyva
Lugonu

Shops:
D ([([?[[::=[*:!![=*![!


Innate Abilities, Weirdness & Mutations

You are very small and have problems with some larger weapons.
You are too small for most types of armour.
You have supernaturally acute eyesight. (SInv)
You cover ground extremely quickly. (Speed+++)


Message History

The burst of rock shards engulfs the demonic crawler.
The burst of rock shards engulfs the demonic crawler! x2
The burst of rock shards engulfs the demonic crawler!!
You kill the demonic crawler!
The burst of rock shards engulfs the demonic crawler.
The burst of rock shards engulfs the demonic crawler!
The demonic crawler hits you but does no damage. x2
The demonic crawler hits you!
The demonic crawler hits you but does no damage. x3
Your tin of tremorstones (2/2) has regained one charge.
Your Fighting skill increases to level 3!
Your Short Blades skill increases to level 5!
The tremorstone explodes into fragments!
The burst of rock shards engulfs the demonic crawler!
The burst of rock shards engulfs the demonic crawler.
The burst of rock shards engulfs the demonic crawler but does no damage.
The burst of rock shards engulfs the demonic crawler.
The burst of rock shards engulfs the demonic crawler!
You kill the demonic crawler!
The burst of rock shards engulfs the demonic crawler but does no damage.
The burst of rock shards engulfs the demonic crawler.
The burst of rock shards engulfs you.
The burst of rock shards engulfs the demonic crawler! x2
The burst of rock shards engulfs the demonic crawler but does no damage.
The demonic crawler hits you. x3
Your tin of tremorstones (2/2) has regained one charge.
Your Evocations skill increases to level 19!
The tremorstone explodes into fragments!
The burst of rock shards engulfs the demonic crawler!! x2
The burst of rock shards engulfs the demonic crawler but does no damage. x2
The burst of rock shards engulfs you but does no damage.
The burst of rock shards engulfs the demonic crawler.
You kill the demonic crawler!
The burst of rock shards engulfs the demonic crawler!
The burst of rock shards engulfs the demonic crawler but does no damage. x2
The demonic crawler hits you. The demonic crawler hits you!
* * * LOW HITPOINT WARNING * * *
The demonic crawler hits you!
You die...
Your body crumbles into a pile of gold.

###################
).#.)'..#__#..'.).#$ $$
..'..#..'..'..#..s##+#$
#'#####'#__####.@.$..#$
..#...#.####§§#####..+$
$ ###..##.#§~§§§#..# ##
$ __##'#_.+§§§§§+..# $
...'..._#§§§§)#..# $$$
__##_.#'##+#####'###
__###'#.#).).###.+.#
#####.####'###)###§#
...'...'.....'[∩##§# $$


You could see a demonic crawler.

Vanquished Creatures
  2 centaur warriors (D)
  Sonja (D)
  A deep troll (D)
  8 shining eyes (D)
  An oklob plant (D)
  3 demonic crawlers (D)
  2 unseen horrors (D)
  2 kobold demonologists (D)
  A hornet (D)
  A slime creature (D)
  Sigmund (D)
  A yak (D)
  2 redbacks (D)
  6 floating eyes (D)
  An ogre (D)
  7 necrophages (D)
  8 jellies (D)
  Ijyb (D)
  A ballistomycete spore (D)
50 creatures vanquished.

Vanquished Creatures (others)
  A ballistomycete spore (D)
1 creature vanquished.

Grand Total: 51 creatures vanquished

Notes
Turn   | Place    | Note
-------+----------+-------------------------------------------
     0 | D        | Heoruswealwe the Spriggan Artificer began the quest for the
                  | Orb.
     0 | D        | Reached XP level 1. HP: 9/9 MP: 2/2
     1 | D        | Noticed Ijyb
     3 | D        | Killed Ijyb
     4 | D        | Reached skill level 6 in Stealth
     4 | D        | Reached skill level 5 in Evocations
     4 | D        | Reached XP level 2. HP: 14/14 MP: 3/3
    11 | D        | Noticed an ogre
    18 | D        | Killed an ogre
    19 | D        | Reached skill level 10 in Stealth
    19 | D        | Reached XP level 3. HP: 17/17 MP: 4/4
    19 | D        | Reached XP level 4. HP: 21/21 MP: 5/5
    30 | D        | Noticed Sigmund
    33 | D        | Killed Sigmund
    34 | D        | Reached skill level 13 in Stealth
    34 | D        | Reached XP level 5. HP: 25/25 MP: 6/6
    34 | D        | Reached XP level 6. HP: 29/29 MP: 7/7
    59 | D        | Found an ornate altar of the Wu Jian Council.
    59 | D        | Found a shimmering blue altar of Sif Muna.
    61 | D        | Found a radiant altar of Vehumet.
    96 | D        | Found Pippodgh's Armour Emporium.
    96 | D        | Found an ancient bone altar of Kikubaaqudgha.
    96 | D        | Found a hazy altar of Hepliaklqana.
    96 | D        | Found a stormy altar of Qazlal.
    96 | D        | Found a hide-covered altar of Uskayaw.
    96 | D        | Found a blossoming altar of Fedhas.
    96 | D        | Found a bloodstained altar of Trog.
    96 | D        | Found an iron altar of Okawaru.
    96 | D        | Found a basalt altar of Yredelemnul.
    96 | D        | Found a glowing golden altar of the Shining One.
    96 | D        | Found a snail-covered altar of Cheibriados.
    96 | D        | Found a sacrificial altar of Ru.
    96 | D        | Found a glowing silver altar of Zin.
    96 | D        | Found a shadowy altar of Dithmenos.
    96 | D        | Found a white marble altar of Elyvilon.
    96 | D        | Noticed a yak
    97 | D        | Found an opulent altar of Gozag.
    98 | D        | Killed a yak
    99 | D        | Reached skill level 10 in Dodging
    99 | D        | Reached skill level 15 in Stealth
    99 | D        | Reached skill level 10 in Evocations
    99 | D        | Found a sparkling altar of Nemelex Xobeh.
   104 | D        | Became a worshipper of Zin the Law-Giver
   104 | D        | Reached * piety under Zin
   104 | D        | Reached ** piety under Zin
   104 | D        | Reached *** piety under Zin
   104 | D        | Reached **** piety under Zin
   104 | D        | Reached ***** piety under Zin
   104 | D        | Reached ****** piety under Zin
   113 | D        | Noticed Sonja
   117 | D        | Killed Sonja
   118 | D        | Reached skill level 18 in Stealth
   118 | D        | Reached XP level 7. HP: 32/32 MP: 8/8
   136 | D        | Found Tewosk's Weapon Boutique.
   146 | D        | Noticed a shining eye
   146 | D        | Noticed a shining eye
   146 | D        | Noticed a shining eye
   146 | D        | Noticed a shining eye
   146 | D        | Noticed a shining eye
   146 | D        | Noticed a shining eye
   149 | D        | Reached XP level 8. HP: 37/37 MP: 9/9
   149 | D        | Noticed a shining eye
   149 | D        | Noticed a shining eye
   152 | D        | Reached skill level 19 in Stealth
   161 | D        | Killed a shining eye
   162 | D        | Reached skill level 20 in Stealth
   167 | D        | Killed a shining eye
   168 | D        | Reached skill level 21 in Stealth
   168 | D        | Reached XP level 9. HP: 40/40 MP: 10/10
   169 | D        | Killed a shining eye
   170 | D        | Reached skill level 22 in Stealth
   199 | D        | Killed a shining eye
   200 | D        | Reached skill level 23 in Stealth
   213 | D        | Killed a shining eye
   214 | D        | Reached skill level 15 in Dodging
   214 | D        | Reached skill level 15 in Evocations
   231 | D        | Killed a shining eye
   247 | D        | Killed a shining eye
   248 | D        | Reached skill level 24 in Stealth
   248 | D        | Reached XP level 10. HP: 44/44 MP: 11/11
   260 | D        | Killed a shining eye
   278 | D        | Found Pukhleib's Magic Scroll Shop.
   278 | D        | Found Qocahut's Antique Weapon Emporium.
   278 | D        | Found Lyonnu Zome's Armour Boutique.
   279 | D        | Found Qirog's Armour Shoppe.
   318 | D        | Fell from the grace of Zin
   318 | D        | Became a worshipper of Gozag Ym Sagoz the Greedy
   458 | D        | Noticed a deep troll
   462 | D        | Killed a deep troll
   463 | D        | Reached skill level 25 in Stealth
   473 | D        | Found Xeunlua's Armour Emporium.
   494 | D        | Noticed a centaur warrior
   495 | D        | Noticed a centaur warrior
   498 | D        | Killed a centaur warrior
   500 | D        | Killed a centaur warrior
   501 | D        | Reached skill level 26 in Stealth
   509 | D        | Identified the +0 pair of boots "Xoczuwae" {Rampage rCorr
                  | Str-4}
   535 | D        | Noticed an oklob plant
   537 | D        | Killed an oklob plant
   581 | D        | Reached skill level 27 in Stealth
   600 | D        | Reached skill level 1 in Fighting
   600 | D        | Reached skill level 1 in Short Blades
   600 | D        | Reached XP level 11. HP: 29/49 MP: 12/12
   739 | D        | Found Kuogo's General Store.
   739 | D        | Found Uruxadd's Distillery.
   739 | D        | Found Zuseoc's Distillery.
   741 | D        | Found Goiritoi's Jewellery Boutique.
   741 | D        | Found Pumoisse's Armour Shoppe.
   741 | D        | Found Jiozxuit's Distillery.
   741 | D        | Found Voawuownukh's Distillery.
   741 | D        | Found Jerebrent's Book Boutique.
   741 | D        | Found Teizygydd's General Store.
   741 | D        | Found Zisteuniedgh's Antique Armour Shop.
   745 | D        | Found Juhy's Jewellery Emporium.
   746 | D        | Found Hiddo's Book Boutique.
   746 | D        | Found Caemp's Book Shoppe.
   747 | D        | Found Seximax's Antique Armour Shop.
   751 | D        | Bought a tin of tremorstones (2/2) for 440 gold pieces
   755 | D        | Bought a manual of Dodging for 1040 gold pieces
   761 | D        | Bought a scroll of identify for 22 gold pieces
   761 | D        | Bought a scroll of identify for 22 gold pieces
   761 | D        | Identified 3 scrolls of acquirement
   775 | D        | Acquired the +4 gold dragon scales "Gilagg" {rElec rPois
                  | rF+ rC+ rN+ Will+}
   789 | D        | Acquired a manual of Evocations
   791 | D        | Acquired the +5 rapier "Undertaker" {protect, rPois rC+}
   840 | D        | Found a burning altar of Makhleb.
   840 | D        | Found a viscous altar of Jiyva.
   840 | D        | Found a shimmering altar of Xom.
   840 | D        | Found a corrupted altar of Lugonu.
  1071 | D        | Reached skill level 5 in Short Blades
  1072 | D        | Slain by a demonic crawler

Illustrated notes

Levels and vault maps discovered:
D:        dungeon_sprint_1 [red_sonja_temple_1, red_sonja_temple_small_1]

Skill      XL: |  1  2  3  4  5  6  7  8  9 10 11 |
---------------+----------------------------------+-----
Dodging        | 4 6 8 11 12 13 15 17 18 | 18.5
Stealth        | 6 10 13 18 21 24 27 | 27.0
Evocations     | 5 7 9 12 13 15 17 19 | 19.0
Fighting       | 1 3 |  3.3
Short Blades   | 1 5 |  5.5

Action                     |  1- 3 |  4- 6 |  7- 9 | 10-12 || total
---------------------------+-------+-------+-------+-------++-------
  Melee: Dagger            |     1 |     4 |       |       ||     5
         Short sword       |       |       |    63 |    35 ||    98
         Punch             |       |       |     3 |     2 ||     5
         Rapier            |       |       |       |    13 ||    13
  Evoke: Wand              |     3 |       |       |    15 ||    18
         Tin of tremorston |       |       |       |     4 ||     4
    Use: Potion            |       |       |       |     1 ||     1
         Scroll            |       |       |       |     5 ||     5
   Stab: Sleeping          |     1 |     4 |     7 |     9 ||    21
 Armour: Robe              |       |       |       |     1 ||     1
         Gold dragon scale |       |       |       |    17 ||    17
  Dodge: Dodged            |     1 |       |       |    27 ||    28
